General information
			
			
        
        - name: BNet
 
        - type: Ladder team game (AT/RT)
 
        - host: Battle.net
 
        - saver: TIMG4STRok
 
        
map: Friends 
        - players: 8
 
        - length: 21:45
 
        - speed: Fast
 - version: 1.22 W3XP
 - replay type:  

 
» download(291 KB)
Players
        team 1 (loser) 
              
              
66Dragon6 (
yellow | 122 APM | 2645 actions | 21:37)
              
 3 Death Knight 
 2 Death Coil
 1 Unholy Aura
 2 Lich 
 1 Frost Nova
 1 Dark Ritual
 1 Crypt Lord 
 1 Impale
 
                » actions 
                
                | Assign group hotkey | 37 |  | 
| Basic commands | 7 |  | 
| Build / train | 57 |  | 
| ESC pressed | 4 |  | 
| Enter build submenu | 21 |  | 
| Enter hero's abilities submenu | 6 |  | 
| Remove unit from queue | 2 |  | 
| Right click | 1569 |  | 
| Select / deselect | 379 |  | 
| Select group hotkey | 465 |  | 
| Use ability | 98 |  | 
                2645 total
 » units 
                
                | Acolyte | 7 |  | 
| Ghoul | 3 |  | 
| Crypt Fiend | 15 |  | 
| Frost Wyrm | 1 |  | 
                26 total
 » buildings
                
                | Graveyard | 1 |  | 
| Ziggurat | 6 |  | 
| Crypt | 1 |  | 
| Altar of Darkness | 1 |  | 
| Tomb of Relics | 1 |  | 
| Nerubian Tower | 1 |  | 
| Halls of the Dead | 2 |  | 
| Black Citadel | 1 |  | 
| Sacrificial Pit | 1 |  | 
| Spirit Tower | 1 |  | 
| Boneyard | 2 |  | 
| Necropolis | 1 |  | 
                19 total
 » build order
                00:08 Graveyard
00:11 Ziggurat
00:38 Crypt
00:56 Altar of Darkness
01:15 Tomb of Relics
01:30 Ziggurat
01:54 Nerubian Tower
04:08 Halls of the Dead
04:44 Ziggurat
08:14 Black Citadel
08:22 Ziggurat
08:24 Ziggurat
09:51 Sacrificial Pit
11:01 Spirit Tower
13:06 Boneyard
13:11 Boneyard
14:36 Ziggurat
15:54 Necropolis
» items
                
                | Rod of Necromancy | 2 |  | 
| Potion of Healing | 3 |  | 
| Lesser Clarity Potion | 1 |  | 
| Scroll of Town Portal | 4 |  | 
| Scroll of Regeneration | 1 |  | 
| Ivory Tower | 1 |  | 
                12 total
  
               
              
              
» 
FML-KiLLiN (
red | 162 APM | 3477 actions | 21:27)
              
 3 Archmage 
 2 Summon Water Elemental
 1 Brilliance Aura
 2 Blood Mage 
 1 Flame Strike
 1 Siphon Mana
 
                » actions 
                
                | Assign group hotkey | 40 |  | 
| Basic commands | 170 |  | 
| Build / train | 69 |  | 
| ESC pressed | 3 |  | 
| Enter build submenu | 21 |  | 
| Enter hero's abilities submenu | 5 |  | 
| Remove unit from queue | 1 |  | 
| Right click | 1549 |  | 
| Select / deselect | 480 |  | 
| Select group hotkey | 1061 |  | 
| Use ability | 78 |  | 
                3477 total
 » units 
                
                | Peasant | 11 |  | 
| Footman | 11 |  | 
| Sorceress | 6 |  | 
| Priest | 7 |  | 
| Spell Breaker | 2 |  | 
                37 total
 » upgrades
                
                | Defend | 1 |  | 
| Lumber Harvesting | 1 |  | 
| Sorceress Training | 1 |  | 
| Priest Training | 2 |  | 
                5 total
 » buildings
                
                | Altar of Kings | 1 |  | 
| Barracks | 1 |  | 
| Farm | 10 |  | 
| Scout Tower | 1 |  | 
| Arcane Tower | 4 |  | 
| Keep | 4 |  | 
| Arcane Vault | 3 |  | 
| Lumber Mill | 1 |  | 
| Arcane Sanctum | 2 |  | 
| Castle | 1 |  | 
| Blacksmith | 1 |  | 
                29 total
 » build order
                00:11 Altar of Kings
00:23 Barracks
00:37 Farm
00:52 Farm
01:34 Scout Tower
01:51 Farm
02:10 Arcane Tower
02:10 Arcane Tower
02:10 Arcane Tower
02:28 Farm
03:27 Keep
03:28 Keep
03:28 Keep
03:28 Keep
04:17 Arcane Vault
04:20 Arcane Vault
04:39 Lumber Mill
05:59 Arcane Sanctum
06:04 Arcane Sanctum
08:06 Castle
08:21 Blacksmith
08:27 Farm
08:29 Farm
08:30 Farm
08:31 Farm
13:03 Farm
14:15 Farm
15:50 Arcane Vault
» items
                
                | Scroll of Regeneration | 1 |  | 
| Lesser Clarity Potion | 2 |  | 
| Scroll of Town Portal | 3 |  | 
                6 total
  
               
              
              
» 
SDFWESDER (
purple | 133 APM | 2880 actions | 21:41)
              
 4 Mountain King 
 2 Storm Bolt
 2 Bash
 2 Paladin 
 1 Holy Light
 1 Divine Shield
 
                » actions 
                
                | Assign group hotkey | 229 |  | 
| Build / train | 86 |  | 
| Enter build submenu | 23 |  | 
| Enter hero's abilities submenu | 6 |  | 
| Give item / drop item | 1 |  | 
| Right click | 1687 |  | 
| Select / deselect | 266 |  | 
| Select group hotkey | 502 |  | 
| Use ability | 80 |  | 
                2880 total
 » units 
                
                | Peasant | 8 |  | 
| Rifleman | 10 |  | 
| Mortar Team | 5 |  | 
| Flying Machine | 2 |  | 
                25 total
 » upgrades
                
                | Gunpowder | 2 |  | 
| Masonry | 3 |  | 
| Armor | 1 |  | 
| Fragmentation Shards | 1 |  | 
| Long Rifles | 1 |  | 
| Flak Cannons | 1 |  | 
                9 total
 » buildings
                
                | Altar of Kings | 1 |  | 
| Farm | 9 |  | 
| Blacksmith | 1 |  | 
| Barracks | 1 |  | 
| Lumber Mill | 1 |  | 
| Scout Tower | 7 |  | 
| Arcane Tower | 2 |  | 
| Keep | 2 |  | 
| Guard Tower | 8 |  | 
| Workshop | 2 |  | 
| Castle | 4 |  | 
| Arcane Vault | 1 |  | 
                39 total
 » build order
                00:07 Altar of Kings
00:18 Farm
00:57 Blacksmith
01:26 Barracks
01:31 Farm
01:35 Farm
01:56 Lumber Mill
02:41 Scout Tower
03:02 Farm
03:12 Arcane Tower
03:12 Arcane Tower
03:13 Farm
04:16 Scout Tower
04:33 Keep
04:33 Keep
04:48 Guard Tower
04:49 Guard Tower
04:52 Farm
05:29 Farm
05:35 Scout Tower
06:01 Farm
06:07 Guard Tower
06:07 Guard Tower
06:26 Scout Tower
08:13 Guard Tower
08:13 Guard Tower
08:21 Workshop
08:23 Workshop
09:18 Castle
09:19 Castle
09:19 Castle
10:33 Scout Tower
11:05 Farm
13:03 Guard Tower
15:51 Arcane Vault
19:11 Scout Tower
19:12 Scout Tower
20:33 Guard Tower
» items
                
                | Scroll of Town Portal | 5 |  | 
| Scroll of Regeneration | 5 |  | 
| Potion of Healing | 2 |  | 
| Lesser Clarity Potion | 2 |  | 
                14 total
  
               
              
              
WsA]DooF (
teal | 116 APM | 2511 actions | 21:43)
              
 3 Mountain King 
 2 Storm Bolt
 1 Bash
 2 Paladin 
 1 Holy Light
 1 Devotion Aura
 
                » actions 
                
                | Assign group hotkey | 41 |  | 
| Basic commands | 17 |  | 
| Build / train | 62 |  | 
| Enter build submenu | 17 |  | 
| Enter hero's abilities submenu | 5 |  | 
| Right click | 1037 |  | 
| Select / deselect | 325 |  | 
| Select group hotkey | 922 |  | 
| Use ability | 85 |  | 
                2511 total
 » units 
                
                | Peasant | 9 |  | 
| Rifleman | 10 |  | 
| Mortar Team | 7 |  | 
| Flying Machine | 8 |  | 
                34 total
 » upgrades
                
                | Masonry | 1 |  | 
| Long Rifles | 1 |  | 
| Flare | 1 |  | 
| Fragmentation Shards | 1 |  | 
| Storm Hammers | 1 |  | 
| Animal War Training | 1 |  | 
| Lumber Harvesting | 1 |  | 
| Flak Cannons | 1 |  | 
                8 total
 » buildings
                
                | Altar of Kings | 1 |  | 
| Farm | 10 |  | 
| Blacksmith | 1 |  | 
| Barracks | 1 |  | 
| Lumber Mill | 1 |  | 
| Scout Tower | 1 |  | 
| Arcane Tower | 1 |  | 
| Keep | 1 |  | 
| Arcane Vault | 1 |  | 
| Workshop | 2 |  | 
| Castle | 1 |  | 
| Gryphon Aviary | 2 |  | 
                23 total
 » build order
                00:11 Altar of Kings
00:21 Farm
01:07 Blacksmith
01:26 Barracks
01:40 Lumber Mill
01:48 Farm
02:13 Scout Tower
02:26 Farm
03:14 Arcane Tower
03:16 Farm
04:04 Keep
04:31 Arcane Vault
04:35 Farm
05:02 Farm
07:00 Workshop
07:01 Workshop
08:24 Castle
09:52 Farm
09:56 Farm
17:37 Gryphon Aviary
17:37 Gryphon Aviary
19:12 Farm
19:13 Farm
» items
                
                | Scroll of Regeneration | 2 |  | 
| Lesser Clarity Potion | 2 |  | 
| Scroll of Town Portal | 3 |  | 
| Potion of Healing | 2 |  | 
| Potion of Mana | 1 |  | 
                10 total
  
               team 2 (winner) 
              
              
jack7daniels (
pink | 75 APM | 1620 actions | 21:44)
              
 5 Death Knight 
 3 Death Coil
 2 Unholy Aura
 2 Lich 
 1 Frost Nova
 1 Frost Armor
 2 Crypt Lord 
 1 Impale
 1 Spiked Carapace
 
                » actions 
                
                | Assign group hotkey | 11 |  | 
| Basic commands | 3 |  | 
| Build / train | 55 |  | 
| Enter build submenu | 23 |  | 
| Enter hero's abilities submenu | 9 |  | 
| Give item / drop item | 2 |  | 
| Right click | 986 |  | 
| Select / deselect | 352 |  | 
| Select group hotkey | 37 |  | 
| Use ability | 142 |  | 
                1620 total
 » units 
                
                | Acolyte | 2 |  | 
| Ghoul | 4 |  | 
| Crypt Fiend | 8 |  | 
| Obsidian Statue | 4 |  | 
| Frost Wyrm | 2 |  | 
                20 total
 » upgrades
                
                | Creature Attack | 3 |  | 
| Creature Carapace | 1 |  | 
| Web | 1 |  | 
| Destroyer Form | 1 |  | 
                6 total
 » buildings
                
                | Graveyard | 1 |  | 
| Crypt | 1 |  | 
| Altar of Darkness | 1 |  | 
| Ziggurat | 6 |  | 
| Tomb of Relics | 1 |  | 
| Nerubian Tower | 1 |  | 
| Halls of the Dead | 1 |  | 
| Black Citadel | 1 |  | 
| Sacrificial Pit | 1 |  | 
| Slaughterhouse | 1 |  | 
| Boneyard | 1 |  | 
                16 total
 » build order
                00:23 Graveyard
00:25 Crypt
00:44 Altar of Darkness
00:55 Ziggurat
01:41 Tomb of Relics
02:12 Ziggurat
02:29 Nerubian Tower
04:23 Halls of the Dead
04:43 Ziggurat
07:09 Ziggurat
08:19 Black Citadel
08:38 Ziggurat
09:54 Sacrificial Pit
09:58 Slaughterhouse
12:32 Boneyard
13:15 Ziggurat
» items
                
                | Rod of Necromancy | 1 |  | 
| Dust of Appearance | 1 |  | 
| Lesser Clarity Potion | 1 |  | 
| Orb of Corruption | 1 |  | 
| Scroll of Town Portal | 4 |  | 
| Potion of Healing | 2 |  | 
| Potion of Mana | 1 |  | 
                11 total
  
               
              
              
» 
kunt.roII (
blue | 150 APM | 3258 actions | 21:44)
              
 3 Death Knight 
 2 Death Coil
 1 Unholy Aura
 3 Lich 
 2 Frost Nova
 1 Frost Armor
 
                » actions 
                
                | Assign group hotkey | 66 |  | 
| Basic commands | 109 |  | 
| Build / train | 56 |  | 
| ESC pressed | 2 |  | 
| Enter build submenu | 25 |  | 
| Enter hero's abilities submenu | 6 |  | 
| Right click | 1425 |  | 
| Select / deselect | 318 |  | 
| Select group hotkey | 1099 |  | 
| Use ability | 152 |  | 
                3258 total
 » units 
                
                | Acolyte | 3 |  | 
| Ghoul | 3 |  | 
| Crypt Fiend | 14 |  | 
| Obsidian Statue | 6 |  | 
                26 total
 » upgrades
                » buildings
                
                | Graveyard | 2 |  | 
| Crypt | 1 |  | 
| Altar of Darkness | 1 |  | 
| Ziggurat | 12 |  | 
| Tomb of Relics | 1 |  | 
| Nerubian Tower | 2 |  | 
| Halls of the Dead | 1 |  | 
| Black Citadel | 2 |  | 
| Slaughterhouse | 2 |  | 
                24 total
 » build order
                00:08 Graveyard
00:09 Crypt
00:14 Graveyard
00:45 Altar of Darkness
00:59 Ziggurat
01:49 Tomb of Relics
01:56 Ziggurat
02:42 Nerubian Tower
02:42 Nerubian Tower
04:51 Halls of the Dead
05:14 Ziggurat
05:20 Ziggurat
05:28 Ziggurat
08:44 Ziggurat
11:31 Black Citadel
11:32 Black Citadel
11:34 Slaughterhouse
12:13 Slaughterhouse
13:16 Ziggurat
14:52 Ziggurat
14:54 Ziggurat
15:15 Ziggurat
19:57 Ziggurat
19:58 Ziggurat
» items
                
                | Rod of Necromancy | 5 |  | 
| Scroll of Regeneration | 1 |  | 
| Lesser Clarity Potion | 2 |  | 
| Potion of Healing | 1 |  | 
| Scroll of Town Portal | 2 |  | 
                11 total
  
               
              
              
TALONSAREIMBA (
orange | 123 APM | 2676 actions | 21:44)
              
 4 Death Knight 
 2 Death Coil
 2 Unholy Aura
 3 Lich 
 2 Frost Nova
 1 Dark Ritual
 3 Dreadlord 
 2 Sleep
 1 Carrion Swarm
 
                » actions 
                
                | Assign group hotkey | 28 |  | 
| Basic commands | 249 |  | 
| Build / train | 48 |  | 
| Enter build submenu | 13 |  | 
| Enter hero's abilities submenu | 10 |  | 
| Give item / drop item | 2 |  | 
| Right click | 1303 |  | 
| Select / deselect | 407 |  | 
| Select group hotkey | 501 |  | 
| Use ability | 115 |  | 
                2676 total
 » units 
                
                | Acolyte | 2 |  | 
| Ghoul | 3 |  | 
| Crypt Fiend | 6 |  | 
| Frost Wyrm | 6 |  | 
                17 total
 » upgrades
                
                | Burrow | 1 |  | 
| Web | 1 |  | 
| Creature Attack | 1 |  | 
| Freezing Breath | 1 |  | 
| Creature Carapace | 1 |  | 
                5 total
 » buildings
                
                | Crypt | 1 |  | 
| Graveyard | 1 |  | 
| Altar of Darkness | 1 |  | 
| Ziggurat | 6 |  | 
| Tomb of Relics | 2 |  | 
| Nerubian Tower | 1 |  | 
| Halls of the Dead | 3 |  | 
| Black Citadel | 2 |  | 
| Sacrificial Pit | 1 |  | 
| Boneyard | 1 |  | 
                19 total
 » build order
                00:07 Crypt
00:18 Graveyard
00:41 Altar of Darkness
00:56 Ziggurat
01:27 Tomb of Relics
01:31 Tomb of Relics
02:00 Ziggurat
02:10 Nerubian Tower
04:31 Halls of the Dead
04:31 Halls of the Dead
04:38 Ziggurat
06:24 Ziggurat
07:27 Black Citadel
07:28 Black Citadel
08:22 Sacrificial Pit
09:59 Boneyard
10:31 Ziggurat
14:03 Ziggurat
» items
                
                | Rod of Necromancy | 1 |  | 
| Potion of Mana | 2 |  | 
| Potion of Divinity | 1 |  | 
| Scroll of Town Portal | 3 |  | 
                7 total
  
               
              
              
» 
TIMG4STRok (
green | 142 APM | 3084 actions | 21:45)
              
 3 Archmage 
 2 Summon Water Elemental
 1 Brilliance Aura
 2 Mountain King 
 1 Storm Bolt
 1 Bash
 
                » actions 
                
                | Assign group hotkey | 36 |  | 
| Basic commands | 146 |  | 
| Build / train | 66 |  | 
| ESC pressed | 4 |  | 
| Enter build submenu | 20 |  | 
| Enter hero's abilities submenu | 5 |  | 
| Give item / drop item | 3 |  | 
| Right click | 1344 |  | 
| Select / deselect | 340 |  | 
| Select group hotkey | 995 |  | 
| Use ability | 125 |  | 
                3084 total
 » units 
                
                | Peasant | 10 |  | 
| Footman | 13 |  | 
| Sorceress | 2 |  | 
| Mortar Team | 6 |  | 
| Spell Breaker | 4 |  | 
| Priest | 3 |  | 
                38 total
 » upgrades
                
                | Defend | 1 |  | 
| Sorceress Training | 1 |  | 
| Fragmentation Shards | 1 |  | 
| Flare | 1 |  | 
| Gunpowder | 1 |  | 
                5 total
 » buildings
                
                | Altar of Kings | 2 |  | 
| Barracks | 1 |  | 
| Farm | 8 |  | 
| Scout Tower | 1 |  | 
| Arcane Tower | 1 |  | 
| Keep | 1 |  | 
| Arcane Vault | 2 |  | 
| Arcane Sanctum | 1 |  | 
| Blacksmith | 1 |  | 
| Castle | 1 |  | 
| Workshop | 2 |  | 
| Lumber Mill | 2 |  | 
| Guard Tower | 1 |  | 
                24 total
 » build order
                00:08 Altar of Kings
00:11 Barracks
00:32 Farm
01:13 Farm
01:38 Scout Tower
02:11 Arcane Tower
02:24 Farm
03:43 Keep
04:00 Arcane Vault
04:32 Farm
05:08 Arcane Vault
05:11 Farm
06:52 Arcane Sanctum
06:54 Blacksmith
07:32 Farm
08:23 Castle
09:28 Workshop
09:52 Farm
09:53 Farm
09:57 Workshop
10:11 Lumber Mill
11:15 Guard Tower
19:18 Lumber Mill
20:32 Altar of Kings
» items
                
                | Scroll of Regeneration | 3 |  | 
| Lesser Clarity Potion | 1 |  | 
| Rod of Necromancy | 1 |  | 
| Ivory Tower | 3 |  | 
| Scroll of Town Portal | 2 |  | 
| Orb of Corruption | 1 |  | 
| Potion of Healing | 1 |  | 
                12 total
  
                Chat log
          (00:03 / All) FML-KiLLiN: LOL SUIP TALONs
(00:11 / All) TALONSAREIMBA: Hi tejus
(00:11 / All) SDFWESDER: hi muffin
(00:15 / All) 66Dragon6: hello timg
(00:25 / All) kunt.roII: ^_______^ GL HF MANNER GAME
(00:26 / All) TIMG4STRok: 66dragon6 and sdfwesder dream team
(00:33 / All) SDFWESDER: you lol
(01:04 / Allies) jack7daniels: doof gonna get copters probly
(01:06 / Allies) jack7daniels: he loves gettin those
(01:09 / Allies) kunt.roII: laf
(01:10 / All) 66Dragon6: TimG Can I have an autograph?
(01:42 / All) SDFWESDER: timg has a crush on me, aint that right tom?
(01:54 / Allies) TIMG4STRok: pp ok
(02:00 / Allies) kunt.roII: pp
(02:04 / Allies) TALONSAREIMBA: pee pee
(02:09 / All) 66Dragon6: If you cant win against these races you suck
(02:17 / All) kunt.roII: i suck
(02:20 / Allies) jack7daniels: dragon talks a lot lol
(02:23 / All) 66Dragon6: Fair enough
(02:33 / Allies) jack7daniels: i surround mine with buildings
(02:39 / Allies) jack7daniels: but 
(02:46 / Allies) jack7daniels: it leaves main open
(02:49 / Allies) jack7daniels: if the rear hit u
(03:03 / All) FML-KiLLiN: BAM
(12:16 / Allies) jack7daniels: out
(12:20 / Allies) jack7daniels: yea fo sho
(12:22 / Allies) jack7daniels: i was fucked
(12:44 / Allies) jack7daniels: that coil saved my nuts
(12:50 / Allies) kunt.roII: thats
(12:52 / Allies) kunt.roII: nuts
(13:51 / Allies) jack7daniels: me 2
(15:38 / Allies) TALONSAREIMBA: eat my slow
(19:17 / All) SDFWESDER: a
(19:45 / Allies) jack7daniels: i though ti did
(21:27 / All) FML-KiLLiN: gg
(21:30 / All) 66Dragon6: gg